 Dungeon Crawl Stone Soup version 0.24.0-37-gcf1ca852f1 (webtiles) character file.

Game seed: 15367474892471181961, levelgen mode: deterministic

28942 Curus the Spry (level 13, -14/190 HPs)
             Began as a Minotaur Berserker on Nov 29, 2019.
             Was a High Priest of Trog.
             Demolished by a minotaur
             ... wielding a +1 scimitar of slicing
              (23 damage)
             ... in a Gauntlet.
             The game lasted 00:57:37 (8070 turns).

Curus the Spry (Minotaur Berserker)                 Turns: 8070, Time: 00:57:37

Health: -14/190    AC:  6    Str: 30    XL:     13   Next: 12%
Magic:  12/12      EV: 23    Int:  9    God:    Trog [*****.]
Gold:   976        SH:  3    Dex: 15    Spells: 12/12 levels left

rFire    + . .     SeeInvis .   u - +4 scimitar (flame)
rCold    + . .     Gourm    .   H - +0 buckler {AC+3}
rNeg     . . .     Faith    .   w - +0 troll leather armour {Purgy}
rPois    .         Spirit   .   (helmet unavailable)
rElec    +         Reflect  .   t - scarf {repulsion}
rCorr    .         Harm     .   o - +0 pair of gloves
MR       .....     Rnd*Rage +   f - +1 pair of boots Stlth ..........NoTele +
                                L - amulet of rage
HPRegen  0.81/turn              j - ring of protection from fire
MPRegen  0.13/turn              N - ring "Itekit" {rElec rC+ AC-4 Str+2 Dex+4} (curse)

@: berserking, very slightly contaminated, repel missiles, very quick
A: retaliatory headbutt, horns 3, berserk 1, clever 1
a: Berserk, Trog's Hand, Brothers in Arms, Renounce Religion, Evoke Berserk Rage


You were in a Gauntlet.
You worshipped Trog.
Trog was extremely pleased with you.
You were near starving.

You visited 1 branch of the dungeon, and saw 11 of its levels.
You also visited: Bailey and Gauntlet.

You collected 976 gold pieces.

Inventory:

Hand Weapons
 a - a +1 falchion
 n - a +0 long sword of freezing
 u - a +4 scimitar of flaming (weapon)
Armour
 b - a +0 animal skin
 d - a +0 leather armour
 e - a +0 scale mail
 f - a +1 pair of boots (worn)
 h - a +0 chain mail
 l - a +0 cloak
 o - a +0 pair of gloves (worn)
 q - a +0 plate armour
 t - a scarf of repulsion (worn)
 w - a +0 troll leather armour (worn) {Purgy}
 A - a +2 ring mail of cold resistance
 H - a +0 buckler of protection (worn)
Jewellery
 j - a ring of protection from fire (left hand)
 B - an uncursed ring of attention
 F - an uncursed ring of wizardry
 K - a +3 ring of strength
 L - an amulet of rage (around neck)
 N - the cursed ring "Itekit" (right hand) {rElec rC+ AC-4 Str+2 Dex+4}
   (You found it in a Gauntlet)

   [ring of protection]

   It affects your AC (-4).
   It affects your strength (+2).
   It affects your dexterity (+4).
   It protects you from cold.
   It insulates you from electricity.
   It has a curse placed upon it.
 P - the amulet of Suspicion {Regen+ SInv, unknown}
   (You found it in a Gauntlet)

   [amulet of regeneration]

   It lets you see invisible.
   It increases your rate of regeneration.
Wands
 k - a wand of iceblast (10)
 p - a wand of random effects (38)
 r - a wand of disintegration (12)
Scrolls
 g - 8 scrolls of identify
 i - 8 scrolls of teleportation
 m - 3 scrolls of magic mapping
 y - 4 scrolls of remove curse
 D - 4 scrolls of enchant weapon
 G - a scroll of blinking
 M - a scroll of fog
Potions
 s - 2 potions of degeneration
 v - 5 potions of flight
 x - 3 potions of curing
 z - a potion of might
 C - 5 potions of agility
 I - a potion of resistance
 J - 3 potions of haste
Comestibles
 c - 22 rations


   Skills:
 + Level 15.4 Fighting
 - Level 14.0 Long Blades
 - Level 2.4 Armour
 + Level 16.5 Dodging


You had 12 spell levels left.
You didn't know any spells.
Your spell library was empty.

Dungeon Overview and Level Annotations

Branches:
Dungeon (11/15)            Temple (0/1) D:6            Lair (0/6) D:11
    Orc (0/2) D:9          Bailey (visited)         Gauntlet (1/1)

Altars:
Ashenzari
Dithmenos
Elyvilon
Gozag
Okawaru
Qazlal
Ru
Sif Muna
Trog
Uskayaw
Wu Jian
Zin
The Shining One

Shops:
D:9 %(

Annotations:
D:10 Sonja Gauntlet 6 transporters


Innate Abilities, Weirdness & Mutations

You reflexively headbutt those who attack you in melee.
You have a pair of large horns on your head.
You tend to lose your temper in combat.
Your mind is acute. (Int +2)


Message History

You see here a javelin.
Your ogre goes berserk!
You are feeling hungry.
The minotaur hits you with a +1 scimitar of slicing!!
* * * LOW HITPOINT WARNING * * *
x2 The minotaur gores you!
* * * LOW HITPOINT WARNING * * *
A red film seems to cover your vision as you go berserk!
You feel yourself moving faster!
You feel mighty!
You are near starving!
The minotaur hits you with a +1 scimitar of slicing!
* * * LOW HITPOINT WARNING * * *
x2 The minotaur gores you but does no damage.
You barely miss the minotaur. You headbutt the minotaur!!
The minotaur is almost dead.
Your ogre closely misses the minotaur.
You hit the minotaur but do no damage.
The minotaur is almost dead.
The minotaur hits you with a +1 scimitar of slicing!!
You die...

### ≈≈≈ ∩≈ ..
.### ...
#######'######
#....@H.......
#.###O###.###.
#.###.###.###.
#.............
###.###.###.##
#####.###.###.##
#...(...........
#.⌠.⌠.⌠.©.©.⌠.⌠.
#...............


You could see a minotaur and a friendly ogre (berserk).

Vanquished Creatures
  An orc warlord (Bailey)
  Harold (D:10)
  Erica (D:8)
  2 two-headed ogres
  2 thrashing horrors (Gauntlet)
  The ghost of bananovenc the Cleaver, a novice GrFi of the Shining One (D:8)
  A sixfirhy (Gauntlet)
  An unseen horror (D:10)
  Pikel (D:8)
  Maurice (D:8)
  A guardian serpent (D:9)
  An ice devil (Gauntlet)
  3 trolls
  Prince Ribbit (D:5)
  A wraith (D:11)
  A spriggan (D:7)
  Grum (D:10)
  6 yaks (D:11)
  4 hungry ghosts
  3 wargs (D:11)
  Duvessa (D:5)
  Purgy (D:3)
  3 orc warriors
  2 sky beasts
  4 slaves (D:8)
  A phantom (D:7)
  4 wolves (D:10)
  4 ogres
  4 centaurs
  2 big kobolds
  4 bullfrogs
  2 gnoll sergeants
  Dowan (D:5)
  4 scorpions
  A water moccasin skeleton (D:7)
  3 small abominations (Gauntlet)
  A spriggan skeleton (D:11)
  A howler monkey (D:5)
  4 electric eels (D:11)
  3 crimson imps
  A quasit (D:9)
  10 orc priests
  Crazy Yiuf (D:7)
  5 centaur skeletons
  3 bullfrog skeletons
  5 hounds
  5 jellies
  11 orc wizards
  7 worker ants
  Ijyb (D:4)
  5 iguanas
  2 hound skeletons
  2 worker ant zombies
  10 gnolls
  10 adders
  2 shadow imps
  2 white imps (Gauntlet)
  4 ufetubi (Gauntlet)
  2 adder zombies
  2 adder skeletons
  3 worms
  2 dart slugs
  5 leopard geckos
  39 orcs
  A ball python (D:1)
  2 bat skeletons (D:2)
  7 giant cockroaches
  13 goblins
  13 hobgoblins
  17 jackals
  2 quokkas
  3 bats (D:1)
  5 frilled lizards
  23 kobolds
  2 leopard gecko skeletons (D:2)
  A leopard gecko zombie (D:4)
  A quokka skeleton (D:2)
  9 rats
322 creatures vanquished.

Notes
Turn   | Place    | Note
-------+----------+-------------------------------------------
     0 | D:1      | Curus the Minotaur Berserker began the quest for the Orb.
     0 | D:1      | Reached XP level 1. HP: 19/19 MP: 0/0
   139 | D:1      | Reached XP level 2. HP: 22/26 MP: 1/1
   308 | D:1      | Reached ** piety under Trog
   347 | D:1      | Reached skill level 5 in Long Blades
   469 | D:1      | Reached XP level 3. HP: 26/31 MP: 2/2
  1011 | D:2      | Reached XP level 4. HP: 39/39 MP: 3/3
  1416 | D:3      | Noticed Purgy
  1420 | D:3      | Reached *** piety under Trog
  1428 | D:3      | Killed Purgy
  1428 | D:3      | Reached XP level 5. HP: 45/45 MP: 4/4
  1689 | D:4      | You fall into a shaft and drop 2 floors!
  1689 | D:6      | Noticed an ogre
  1699 | D:6      | Killed an ogre
  1699 | D:6      | Reached XP level 6. HP: 24/51 MP: 5/5
  1783 | D:5      | Entered Level 5 of the Dungeon
  1936 | D:5      | Found an opulent altar of Gozag.
  1937 | D:5      | Found a glowing silver altar of Zin.
  1970 | D:5      | Noticed Duvessa
  1971 | D:5      | Noticed Dowan
  1982 | D:5      | Killed Duvessa
  1990 | D:5      | Killed Dowan
  1990 | D:5      | Reached XP level 7. HP: 31/57 MP: 6/6
  2305 | D:5      | Reached skill level 10 in Long Blades
  2314 | D:5      | Gained mutation: You tend to lose your temper in combat.
                  | [potion of mutation]
  2314 | D:5      | Gained mutation: Your mind is acute. (Int +2) [potion of
                  | mutation]
  2314 | D:5      | Gained mutation: You have a pair of large horns on your
                  | head. [potion of mutation]
  2549 | D:4      | Noticed Ijyb
  2565 | D:4      | Killed Ijyb
  2644 | D:4      | Reached **** piety under Trog
  2677 | D:4      | Found a shimmering blue altar of Sif Muna.
  2761 | D:4      | Found a hide-covered altar of Uskayaw.
  3331 | D:5      | Reached XP level 8. HP: 17/64 MP: 7/7
  3617 | D:5      | Noticed Prince Ribbit
  3636 | D:5      | Killed Prince Ribbit
  3944 | D:6      | Found an ornate altar of the Wu Jian Council.
  4166 | D:6      | Found a white marble altar of Elyvilon.
  4263 | D:6      | Found a sacrificial altar of Ru.
  4369 | D:6      | Found a staircase to the Ecumenical Temple.
  4425 | D:6      | Found a shadowy altar of Dithmenos.
  4612 | D:7      | Reached ***** piety under Trog
  4612 | D:7      | Reached XP level 9. HP: 48/70 MP: 8/8
  4720 | D:7      | Found a runed translucent door.
  4721 | D:7      | Noticed Crazy Yiuf
  4742 | D:7      | Reached skill level 3 in Dodging
  4795 | D:7      | Received a gift from Trog
  4800 | D:7      | Reached skill level 4 in Dodging
  4808 | D:7      | Found a flagged portal.
  4818 | Bailey   | Entered a bailey
  4823 | Bailey   | Noticed an orc warlord
  4824 | Bailey   | Found the +8 glaive of the Guard {elec, +Rage AC+5 SInv}
  4922 | Bailey   | Found a runed translucent gate.
  4925 | Bailey   | Found a runed translucent gate.
  4926 | Bailey   | Found a runed translucent gate.
  4943 | Bailey   | Reached skill level 5 in Fighting
  4943 | Bailey   | Reached skill level 5 in Dodging
  5016 | Bailey   | Killed an orc warlord
  5016 | Bailey   | Reached skill level 8 in Dodging
  5040 | Bailey   | Reached skill level 13 in Dodging
  5040 | Bailey   | Reached XP level 10. HP: 95/95 MP: 9/9
  5097 | D:7      | Found a stormy altar of Qazlal.
  5246 | D:7      | Reached XP level 11. HP: 100/102 MP: 10/10
  5296 | D:7      | Found a shattered altar of Ashenzari.
  5338 | D:7      | Killed Crazy Yiuf
  5378 | D:8      | Noticed bananovenc's ghost (novice GrFi)
  5381 | D:8      | Found a runed translucent door.
  5390 | D:8      | Noticed Pikel
  5391 | D:8      | Found an iron altar of Okawaru.
  5418 | D:8      | Killed Pikel
  5446 | D:8      | Found a stormy altar of Qazlal.
  5623 | D:8      | Found a bloodstained altar of Trog.
  5639 | D:8      | Noticed a two-headed ogre
  5646 | D:8      | Killed a two-headed ogre
  5666 | D:8      | Identified a scroll of acquirement
  5944 | D:8      | Noticed Erica
  5957 | D:8      | Killed Erica
  5957 | D:8      | Reached skill level 14 in Dodging
  6044 | D:8      | Noticed Maurice
  6063 | D:8      | Killed Maurice
  6139 | D:8      | Killed bananovenc's ghost
  6167 | D:8      | Reached skill level 15 in Dodging
  6167 | D:8      | Reached XP level 12. HP: 116/116 MP: 11/11
  6180 | D:9      | Found a glowing golden altar of the Shining One.
  6410 | D:9      | Found Tomm's Food Emporium.
  6416 | D:9      | Found a staircase to the Orcish Mines.
  6430 | D:9      | Found Siryfreg's Weapon Emporium.
  6435 | D:9      | Received a gift from Trog
  6797 | D:10     | Entered Level 10 of the Dungeon
  6956 | D:10     | Noticed Harold
  6972 | D:10     | Killed Harold
  7052 | D:10     | Noticed Sonja
  7098 | D:10     | Found a shadowy altar of Dithmenos.
  7246 | D:10     | Noticed Grum
  7255 | D:10     | Killed Grum
  7477 | D:11     | Noticed a two-headed ogre
  7487 | D:11     | Killed a two-headed ogre
  7487 | D:11     | Reached skill level 16 in Dodging
  7567 | D:11     | Found a staircase to the Lair.
  7744 | D:11     | Reached skill level 15 in Fighting
  7793 | D:11     | Reached XP level 13. HP: 126/126 MP: 12/12
  7803 | D:11     | Found a gate leading to a gauntlet.
  7807 | Gauntlet | Entered a Gauntlet
  7807 | Gauntlet | Found a transporter.
  7807 | Gauntlet | Found a transporter.
  7828 | Gauntlet | Found a transporter.
  7829 | Gauntlet | Found a transporter.
  7837 | Gauntlet | Found a transporter.
  7841 | Gauntlet | Found a transporter.
  7857 | Gauntlet | Found a transporter.
  7865 | Gauntlet | Found a transporter.
  7879 | Gauntlet | Found a transporter.
  7883 | Gauntlet | Found a transporter.
  7891 | Gauntlet | Found a transporter.
  7895 | Gauntlet | Found a transporter.
  7950 | Gauntlet | Got a coiled tin ring
  7954 | Gauntlet | Identified the cursed ring "Itekit" {rElec rC+ AC-4 Str+2
                  | Dex+4} (You found it in a Gauntlet)
  8039 | Gauntlet | Got a warped steel amulet
  8052 | Gauntlet | Noticed a minotaur
  8068 | Gauntlet | HP: 9/190 [minotaur/+1 scimitar of slicing (8)]
  8070 | Gauntlet | Demolished by a minotaur

Levels and vault maps discovered:
D:1:      dpeg_arrival_rooms_b, layout_loops_ring
D:2:      minmay_alternating_diamond, layout_basic, serial_undead,
          serial_undead_d, serial_undead_e, serial_undead_d, serial_undead_d,
          grunt_decor_arrowhead, minivault_24
D:3:      layout_rooms, first_ration, uniq_purgy
D:4:      layout_gridville, led_sif_pool, kennysheep_mini_moat, uniq_ijyb
D:5:      layout_layer_cave, grunt_temple_overflow_gold_and_silver,
          minmay_manual_mail, uniq_duvessa, uniq_prince_ribbit1
D:6:      layout_loops_cross, lemuel_coloured_pillars_altar, elyvilon_altar_3,
          nicolae_ru_sacrificial_ziggurat, nicolae_overflow_crystal_walls,
          minmay_temple_entry_fiery
D:7:      layout_rooms, kennysheep_mini, overflow_temple_1_default,
          enter_bailey_6, the_bakery, uniq_crazy_yiuf_cottage
D:8:      layout_loops_ring, okawaru_metal_pillars_1_2, lemuel_crystal_altar,
          hellmonk_ghost_happy_afterlife, nicolae_qazlal_general_emergency,
          uniq_maurice, uniq_erica, uniq_pikel
D:9:      layout_roguey, orc_david_3, serial_shops, nicolae_shop_behind_doors,
          basic_altar, nrook_guardian_serpent_ordinary
D:10:     layout_basic, basic_altar, uniq_harold, uniq_grum, uniq_sonja
D:11:     layout_basic, erik_lair_orcish_takeover, gauntlet_entry_generic,
          hangedman_tell_no_tales
Gauntlet: minmay_gauntlet_77_indecision
          [minmay_gauntlet_arena_77_radiant_squares,
          minmay_gauntlet_arena_77_box, minmay_gauntlet_arena_77_block_sizes,
          minmay_gauntlet_arena_77_terracotta_army,
          minmay_gauntlet_arena_77_fan, minmay_gauntlet_arena_77_two_lines,
          gauntlet_exit_watery]

Skill      XL: |  1  2  3  4  5  6  7  8  9 10 11 12 |
---------------+-------------------------------------+-----
Long Blades    | 4 5 6 7 8 9 11 13 14 | 14.0
Fighting       | 11 13 15 | 15.4
Dodging        | 13 15 16 | 16.5
Armour         | |  2.4

Action                   |  1- 3 |  4- 6 |  7- 9 | 10-12 | 13-15 || total
-------------------------+-------+-------+-------+-------+-------++-------
Melee: Falchion          |    94 |    76 |       |       |       ||   170
       Headbutt          |    20 |    23 |    57 |    60 |     7 ||   167
       Long sword        |       |    23 |   291 |    79 |       ||   393
       Scimitar          |       |       |       |   231 |    30 ||   261
Invok: Berserk           |       |     2 |     3 |       |     1 ||     6
       Trog's Hand       |       |       |     3 |       |       ||     3
       Brothers in Arms  |       |       |       |       |     2 ||     2
Evoke: Wand              |       |       |       |     3 |       ||     3
  Use: Scroll            |     2 |     4 |     3 |     3 |     1 ||    13
       Potion            |     3 |       |     9 |     4 |     2 ||    18
 Stab: Invisible         |       |       |       |       |     2 ||     2
  Eat: Chunk             |       |     5 |    14 |     7 |     1 ||    27
       Ration            |       |       |       |     2 |       ||     2
Armor: Animal skin       |     8 |       |       |       |       ||     8
       Leather armour    |     4 |       |    11 |       |       ||    15
       Scale mail        |     3 |       |       |       |       ||     3
       Chain mail        |    32 |    63 |       |       |       ||    95
       Plate armour      |       |    10 |    39 |       |       ||    49
       Troll leather arm |       |       |    35 |    43 |     8 ||    86
Dodge: Dodged            |    51 |    43 |   182 |   178 |    37 ||   491
       Deflected         |       |       |    37 |     6 |     3 ||    46
Block: Buckler           |       |       |       |    23 |     4 ||    27
       Rpst.: Falchion   |    15 |     5 |       |       |       ||    20
       Long sword        |       |       |    41 |    13 |       ||    54
       Scimitar          |       |       |       |    32 |     8 ||    40
